 Dungeon Crawl Stone Soup version 0.22-a0-377-g846bec1 (webtiles) character file.

702 puppykicker the Shooter (level 7, -4/57 HPs)
             Began as a Minotaur Arcane Marksman on Apr 27, 2018.
             Was a Follower of Kikubaaqudgha.
             Slain by Menkaure (15 damage)
             ... on level 5 of the Dungeon.
             The game lasted 00:29:39 (4996 turns).

puppykicker the Shooter (Minotaur Arcane Marksman)  Turns: 4996, Time: 00:29:41

Health: -4/57      AC:  6    Str: 14    XL:     7   Next: 39%
Magic:  16/16      EV: 12    Int: 12    God:    Kikubaaqudgha [*.....]
Gold:   127        SH:  0    Dex: 11    Spells: 2/8 levels left

rFire    + . .     SeeInvis .   e - +0 trident
rCold    . . .     Gourm    .   (no shield)
rNeg     . . .     Faith    .   t - +0 leather armour
rPois    .         Spirit   .   (helmet restricted)
rElec    .         Reflect  .   (no cloak)
rCorr    .         Harm     .   z - +2 pair of gloves
MR       .....                  (no boots)
Stlth    +.........             (no amulet)
HPRegen  0.19/turn              B - ring of protection from fire
MPRegen  0.15/turn              x - ring of magical power

@: no status effects
A: retaliatory headbutt, horns 2
a: Receive Corpses, Renounce Religion


You were on level 5 of the Dungeon.
You worshipped Kikubaaqudgha.
Kikubaaqudgha was aware of your devotion.
You were not hungry.

You visited 2 branches of the dungeon, and saw 6 of its levels.

You collected 127 gold pieces.


Innate Abilities, Weirdness & Mutations

You reflexively headbutt those who attack you in melee.
You have a pair of horns on your head.


   Skills:
 - Level 3.0 Fighting
 * Level 1.4 Polearms
 + Level 6.1 Bows
 - Level 4.0 Armour
 - Level 2.1 Dodging
 - Level 1.0 Spellcasting
 + Level 2.9 Hexes
 + Level 1.5 Necromancy
 + Level 0.3 Translocations


You had 2 spell levels left.
You knew the following spells:

 Your Spells              Type           Power        Failure   Level  Hunger
a - Corona                Hex            #......      11%         1    ##.....
b - Slow                  Hex            #.......     17%         2    ###....
f - Portal Projectile     Hex/Tloc       #.....       50%         3    ####...

Inventory:

Hand Weapons
 a - a +0 spear of freezing
 b - a +0 shortbow
 e - a +0 trident (weapon)
 w - a +0 dagger of venom
 y - a +0 hand axe
Missiles
 d - 38 arrows
 n - 7 javelins (quivered)
Armour
 t - a +0 leather armour (worn)
 z - a +2 pair of gloves (worn)
Jewellery
 i - an uncursed ring of protection from cold
 o - an uncursed ring of flight
 u - an uncursed ring of resist corrosion
 x - a ring of magical power (right hand)
 B - a ring of protection from fire (left hand)
 C - an uncursed amulet of magic regeneration {unknown}
Wands
 r - a wand of digging (29)
 D - a wand of random effects (14)
Scrolls
 c - 6 scrolls of remove curse
 g - a scroll of random uselessness {unknown}
 h - a scroll of fear
 k - a scroll of amnesia
 m - 2 scrolls of teleportation
 s - a scroll of blinking
 A - a scroll of immolation {unknown}
Potions
 j - a potion of magic
 p - 3 potions of lignification {!q}
 v - a potion of degeneration {unknown}
Comestibles
 f - 5 rations
 l - 5 chunks of flesh {@w1}

Dungeon Overview and Level Annotations

Branches:
Dungeon (5/15)             Temple (1/1) D:4

Altars:
Cheibriados
Elyvilon
Fedhas
Hepliaklqana
Kikubaaqudgha
Makhleb
Nemelex Xobeh
Okawaru
Ru
Sif Muna
Trog
Uskayaw
Vehumet
Wu Jian
Xom
Yredelemnul
The Shining One

Annotations:
D:5 Menkaure, Sigmund

########## #........#
#........# #. #...(....#
#. #........# #.
#........######### #
#!...@M........).#####
#..........#######......
#.#......>b# ######.
...###.....# .....#. ..
#>....# ........ .
####### ........
.......# ##.##.## #
#....


You could see Menkaure.


Message History

Aiming: Random Effects
Aim: Menkaure (fast)
The bolt of negative energy hits Menkaure.
Menkaure completely resists.
Menkaure gestures at you while chanting.
Pain shoots through your body!
* * * LOW HITPOINT WARNING * * *
Unknown command.
Press < or > to pray at altars.
Evoke which item? (* to show all) (? for menu, Esc to quit)
Aiming: Random Effects
Aim: Menkaure (fast) Menkaure resists with some effort.
Menkaure hits you!
* * * LOW HITPOINT WARNING * * *
Evoke which item? (* to show all) (? for menu, Esc to quit)
Aiming: Random Effects
Aim: Menkaure (fast) Menkaure resists with significant effort.
Menkaure closely misses you.
Evoke which item? (* to show all) (? for menu, Esc to quit)
Aiming: Random Effects
Aim: Menkaure (fast)
The fireball explodes!
The fireball engulfs Menkaure.
Menkaure is burned terribly!
Menkaure is severely damaged.
The fireball engulfs you! You resist.
* * * LOW HITPOINT WARNING * * *
Menkaure hits you!
You die...
Kikubaaqudgha rasps: "You have failed me!
Welcome... death!"

Action                   |  1- 3 |  4- 6 |  7- 9 || total
-------------------------+-------+-------+-------++-------
Melee: Dagger            |    63 |     1 |       ||    64
       Club              |    12 |       |       ||    12
       Headbutt          |    12 |    20 |    11 ||    43
       Spear             |       |   125 |       ||   125
       Unarmed           |       |    11 |       ||    11
       Trident           |       |    15 |    83 ||    98
 Fire: Shortbow          |    21 |    25 |       ||    46
Throw: Javelin           |       |     2 |     2 ||     4
 Cast: Slow              |       |     4 |       ||     4
Evoke: Wand              |       |       |     4 ||     4
  Use: Scroll            |     7 |     3 |       ||    10
       Potion            |       |     1 |     2 ||     3
 Stab: Sleeping          |     2 |     2 |       ||     4
  Eat: Chunk             |     3 |     8 |     3 ||    14
Armor: Robe              |    20 |    14 |       ||    34
       Leather armour    |       |    25 |    36 ||    61
       Skin              |       |     1 |       ||     1
Dodge: Dodged            |    65 |    78 |    56 ||   199

Vault maps used:
D:1:      nzn_arrival_crosshair, serial_forest, infiniplex_forest_straight_3,
          infiniplex_forest_clump_double, infiniplex_forest_lined_3,
          infiniplex_forest_join, infiniplex_forest_end_2,
          infiniplex_forest_lined_2
D:2:      nicolae_overflow_hidden_temple, kennysheep_okawaru_gauntlet,
          uniq_jessica
D:3:      makhleb_blood_cavern_becter, chequers_ecumenical_altar_island,
          uniq_ijyb
D:4:      minmay_temple_entry_statues_pillars, uniq_edmund
D:5:      grunt_temple_overflow_gold_and_silver,
          nicolae_qazlal_style_of_elements, lemuel_crystal_altar,
          xom_butterflies, first_ration, uniq_crazy_yiuf_cottage, uniq_sigmund,
          uniq_menkaure
Temple:   minmay_temple_bridge_abc

Notes
Turn   | Place    | Note
-------+----------+-------------------------------------------
     0 | D:1      | puppykicker the Minotaur Arcane Marksman began the quest for the Orb.
     0 | D:1      | Reached XP level 1. HP: 16/16 MP: 1/1
    58 | D:1      | Reached XP level 2. HP: 17/23 MP: 2/2
   426 | D:1      | Reached skill level 1 in Armour
   691 | D:1      | HP: 2/24 [gnoll/spear (6)]
   692 | D:1      | Reached skill level 2 in Fighting
   692 | D:1      | Reached skill level 3 in Bows
  1239 | D:1      | Reached XP level 3. HP: 28/29 MP: 3/3
  1597 | D:2      | Found a sparkling altar of Nemelex Xobeh.
  1666 | D:2      | Noticed Jessica
  1689 | D:2      | Killed Jessica
  1689 | D:2      | Reached skill level 2 in Armour
  1950 | D:2      | Reached XP level 4. HP: 34/37 MP: 4/4
  1958 | D:2      | Learned a level 2 spell: Slow
  2145 | D:2      | Found an iron altar of Okawaru.
  2596 | D:3      | Noticed Ijyb
  2698 | D:3      | Killed Ijyb
  2698 | D:3      | Reached skill level 4 in Bows
  3194 | D:3      | Reached skill level 3 in Fighting
  3194 | D:3      | Reached XP level 5. HP: 39/45 MP: 5/5
  3238 | D:3      | Found a burning altar of Makhleb.
  3336 | D:3      | Found a faded altar of an unknown god.
  3468 | D:4      | Found a staircase to the Ecumenical Temple.
  3478 | Temple   | Entered the Ecumenical Temple
  3651 | Temple   | Became a worshipper of Kikubaaqudgha
  3797 | D:4      | Reached skill level 3 in Armour
  3802 | D:4      | Noticed Edmund
  3826 | D:4      | Reached XP level 6. HP: 16/51 MP: 6/6
  4099 | D:4      | Reached skill level 5 in Bows
  4200 | D:4      | Noticed JeffiDaFish's ghost (amateur DrNe)
  4206 | D:4      | Learned a level 3 spell: Portal Projectile
  4213 | D:4      | Killed JeffiDaFish's ghost
  4213 | D:4      | Reached skill level 1 in Necromancy
  4243 | D:4      | Reached XP level 7. HP: 50/57 MP: 7/7
  4427 | D:5      | Entered Level 5 of the Dungeon
  4444 | D:4      | Reached skill level 4 in Armour
  4452 | D:4      | Reached skill level 6 in Bows
  4523 | D:5      | Noticed Sigmund
  4564 | D:5      | Found an ornate altar of the Wu Jian Council.
  4581 | D:5      | Reached * piety under Kikubaaqudgha
  4581 | D:5      | Identified Kikubaaqudgha's Papyrus of Black Magic (Kikubaaqudgha gifted it to you on level 5 of the Dungeon)
  4581 | D:5      | Received a gift from Kikubaaqudgha
  4791 | D:5      | Reached skill level 1 in Polearms
  4972 | D:5      | Noticed Menkaure
  4979 | D:5      | Found a shimmering altar of Xom.
  4991 | D:5      | HP: 3/57 [Menkaure (11)]
  4996 | D:5      | Slain by Menkaure

Vanquished Creatures
  The ghost of JeffiDaFish the Grave Robber, an amateur DrNe (D:4)
  A bullfrog (D:4)
  A scorpion (D:4)
  A howler monkey (D:4)
  A jelly (D:4)
  A hound (D:3)
  Jessica (D:2)
  Ijyb (D:3)
  3 orc wizards
  A gnoll (D:1)
  4 adders
  An ooze (D:5)
  2 worms
  4 dart slugs
  2 leopard geckos (D:4)
  9 orcs
  9 bats
  2 giant cockroaches
  6 hobgoblins
  3 jackals (D:1)
  3 kobolds (D:2)
  4 quokkas
  5 frilled lizards
  14 goblins
  A leopard gecko skeleton (D:4)
  3 leopard gecko zombies (D:5)
  A quokka zombie (D:4)
  4 rats
89 creatures vanquished.

Vanquished Creatures (others)
  A plant (D:1)
1 creature vanquished.

Grand Total: 90 creatures vanquished
